AoeStats
← GracefulPickle

Oasis

509968685Analyzed
3v3 RM · 2d ago on Sep 28, 2026· 16m 25s· 6 players
Game mode
Random Map
Map size
Normal (6 player)
Population
200
Speed
Normal
Resources
Standard
Victory
Conquest
Starting age
Dark Age
Ending age
Imperial Age
RankedLock teamsTeams togetherTeam positionsShared explorationLock speedFull tech treeHidden civsTurbo modeCheats
Victory
Defeat
🇦🇷 Saracens · Argentina
1314
+16
🇦🇷 Varangians · Argentina
1215
+20
🇦🇷 Saxons · Argentina
1207
+21
🇺🇸 Koreans · United States
1375
-21
🇺🇸 Persians · United States
1301
-19
🇨🇳 Mongols · China
1264
-17
LiquidGoat
2:49 Loom
10:46 Feudal Age
14:30 Castle Age
13:41 Horse Collar
13:47 Double-Bit Axe
GracefulPickle
2:25 Loom
12:11 Feudal Age
15:59 Castle Age
pickmyself or end
11:27 Feudal Age
12:37 Loom
15:16 Castle Age
13:31 Horse Collar
13:41 Double-Bit Axe
Lilita Carrió
6:58 Loom
9:17 Feudal Age
9:59 Double-Bit Axe
14:20 Fletching
C h u c k
5:55 Loom
8:51 Feudal Age
13:20 Fletching
Calavera
7:15 Loom
9:55 Feudal Age
10:22 Double-Bit Axe
10:18 Horse Collar
Connection lost

Rejoining the realm…

Still unreachable

The connection could not be restored.

Session expired

The server has moved on; the page needs a fresh start.